 Dungeon Crawl Stone Soup version 0.29-a0-876-gfc89b1a5bd (webtiles) character file.

Game seed: 2513923826436796417

1378491 oldmanjim the Heavyweight Champion (level 27, 305/305 (312) HPs)
             Began as an Ogre Transmuter on June 27, 2022.
             Was an Initiate of Gozag.
             Escaped with the Orb
             ... and 3 runes on July 19, 2022!
             The game lasted 12:19:35 (108468 turns).

oldmanjim the Heavyweight Champion (OgTm)         Turns: 108468, Time: 12:19:36

HP:   305/305 (312) AC:  9    Str: 28    XL:     27
MP:   45/45         EV: 15    Int: 30    God:    Gozag
Gold: 4859          SH:  5    Dex: 11    Spells: 8/62 levels left

rFire   + + .      SeeInvis .   t - +12 quarterstaff "Ridduoss" {spect, Fly Will++}
rCold   . . .      Faith    .   (shield currently unavailable)
rNeg    . . .      Spirit   .   Q - +2 robe {Will+}
rPois   +          Reflect  +   (helmet restricted)
rElec   +          Harm     .   P - scarf {repulsion}
rCorr   .          Rampage  .   (gloves unavailable)
Will    +++++                   (boots unavailable)
Stlth   +.........              k - amulet of reflection
HPRegen 0.60/turn               z - ring of the Princeling {rElec rF+ Str+3 Int+6}
MPRegen 0.29/turn               f - ring of Fedhas's Grace {rPois rF+ Will+ Str+3 Dex+2}

@: mighty, flying, hasted, studying Translocations, lightly drained, repel
missiles, very quick
A: large, unfitting armour, tough skin 1, iridescent scales 1, screaming 2,
shaggy fur 2
0: Orb of Zot
}: 3/15 runes: barnacled, silver, gossamer
a: Renounce Religion, Potion Petition, Call Merchant, Bribe Branch


You escaped.
You worshipped Gozag.
Gozag was most pleased with you.
You visited 10 branches of the dungeon, and saw 49 of its levels.
You visited the Abyss 1 time.
You also visited: Gauntlet, Ice Cave and Desolation.

You collected 30064 gold pieces.
You spent 2991 gold pieces at shops.
You paid 22214 gold pieces to Gozag.

Inventory:

Hand Weapons
 t - the +12 quarterstaff "Ridduoss" (weapon) {spect, Fly Will++}
   (You found it on level 6 of the Lair of Beasts)

   When its wielder attacks, the weapon's spirit leaps out and strikes again.
   The spirit shares a part of any damage it takes with its wielder.
   Fly:       It grants you flight.
   Will:      It greatly increases your willpower.
Missiles
 G - 7 throwing nets
 O - 82 large rocks (quivered)
Armour
 P - a scarf of repulsion (worn)
 Q - a +2 robe of willpower (worn)
Jewellery
 f - the ring of Fedhas's Grace (right hand) {rPois rF+ Will+ Str+3 Dex+2}
   (You took it off a vault guard on level 5 of the Vaults)

   [ring of willpower]

   Str:       It affects your strength (+3).
   Dex:       It affects your dexterity (+2).
   rF:        It protects you from fire.
   rPois:     It protects you from poison.
   Will:      It increases your willpower.
 h - the amulet of the Ego {RegenMP rElec rPois rN+ Stlth-}
   (You took it off an imperial myrmidon in the Desolation of Salt)

   [amulet of magic regeneration]

   It increases your rate of magic regeneration.
   rElec:     It insulates you from electricity.
   rPois:     It protects you from poison.
   rN:        It protects you from negative energy.
   Stlth:     It makes you less stealthy.
 k - an amulet of reflection (around neck)
 v - the ring "Oxiskirr" {rPois rF+ Stlth+}
   (You found it in a Gauntlet)

   [ring of protection from fire]

   rF:        It protects you from fire.
   rPois:     It protects you from poison.
   Stlth:     It makes you more stealthy.
 z - the ring of the Princeling (left hand) {rElec rF+ Str+3 Int+6}
   (You acquired it on level 3 of the Elven Halls)

   [ring of intelligence]

   Str:       It affects your strength (+3).
   Int:       It affects your intelligence (+6).
   rF:        It protects you from fire.
   rElec:     It insulates you from electricity.
 W - a ring of protection from cold
 X - the ring "Eladeiw" {rF+ rN+ Int+4}
   (You took it off an ironbound convoker in the Desolation of Salt)

   [ring of protection from fire]

   Int:       It affects your intelligence (+4).
   rF:        It protects you from fire.
   rN:        It protects you from negative energy.
 Y - the ring of the Thoughtful Beasts {Str+3 SInv}
   (You took it off a minotaur in a Gauntlet)

   [ring of see invisible]

   Str:       It affects your strength (+3).
   SInv:      It lets you see invisible.
 Z - the ring "Wisimaj" {Fly rPois rCorr Dex+6}
   (You took it off a deep elf annihilator on level 3 of the Elven Halls)

   [ring of flight]

   Dex:       It affects your dexterity (+6).
   rPois:     It protects you from poison.
   Fly:       It grants you flight.
   rCorr:     It protects you from acid and corrosion.
Wands
 i - a wand of paralysis (23)
 p - a wand of digging (2)
 u - a wand of mindburst (14)
 H - a wand of light (46)
 S - a wand of iceblast (23)
Scrolls
 a - 5 scrolls of amnesia
 e - 2 scrolls of poison
 l - 4 scrolls of silence
 m - 31 scrolls of teleportation
 n - 14 scrolls of enchant weapon
 w - 2 scrolls of brand weapon
 x - 4 scrolls of summoning
 y - 14 scrolls of fog
 J - 9 scrolls of blinking
 L - 11 scrolls of enchant armour
 M - 5 scrolls of magic mapping
 N - 13 scrolls of fear
Potions
 b - 7 potions of lignification
 c - 6 potions of might
 d - 11 potions of heal wounds
 j - 4 potions of berserk rage
 o - 9 potions of brilliance
 q - 4 potions of resistance
 r - 2 potions of mutation
 s - 5 potions of haste
 C - 11 potions of magic
 D - 7 potions of cancellation
 I - 23 potions of curing
 K - 3 potions of ambrosia
 T - 13 potions of invisibility
Miscellaneous
 g - a phial of floods
 A - a phantom mirror
 F - a box of beasts
 R - a condenser vane
 U - a lightning rod (4/4)


   Skills:
 + Level 24.6 Fighting
 - Level 15.0 Dodging
 O Level 27 Unarmed Combat
 - Level 18.0 Spellcasting
 - Level 4.0 Conjurations
 - Level 3.0 Summonings
 + Level 12.5 Translocations
 - Level 16.0 Transmutations
 - Level 4.0 Ice Magic
 - Level 11.0 Air Magic
 - Level 5.0 Earth Magic
 - Level 8.0 Poison Magic
 - Level 8.0 Evocations


You had 8 spell levels left.
You knew the following spells:

 Your Spells              Type           Power      Damage    Failure   Level
a - Poisonous Vapours     Pois/Air       100%       N/A       1%          2
b - Storm Form            Tmut/Air       41%        N/A       4%          7
c - Ice Form              Ice/Tmut       72%        N/A       1%          4
d - Frozen Ramparts       Ice            100%       1d12      1%          3
e - Summon Ice Beast      Ice/Summ       48%        N/A       3%          4
f - Irradiate             Conj/Tmut      36%        3d23      1%          5
g - Dragon Form           Tmut           44%        N/A       1%          7
h - Statue Form           Tmut/Erth      49%        N/A       3%          6
i - Eringya's Noxious Bo  Tmut/Pois      39%        N/A       1%          6
j - Lightning Bolt        Conj/Air       32%        1d49      1%          5
k - Manifold Assault      Tloc           80%        N/A       1%          5

Your spell library contained the following spells:

 Spells                   Type           Power      Damage    Failure   Level
 Apportation              Tloc           100%       N/A       0%          1
 Beastly Appendage        Tmut           100%       N/A       0%          1
 Sting                    Tmut/Pois      100%       1d8       0%          1
 Blink                    Tloc           100%       N/A       0%          2
 Wereblood                Tmut           89%        N/A       0%          2
 Freeze                   Ice            100%       1d11      1%          1
 Magic Dart               Conj           100%       1d8       1%          1
 Necrotise                Necr           100%       1d9       1%          1
 Sandblast                Erth           100%       2d20      1%          1
 Shock                    Conj/Air       100%       1d9       1%          1
 Summon Small Mammal      Summ           100%       N/A       1%          1
 Call Imp                 Summ           45%        N/A       1%          2
 Ensorcelled Hibernation  Hex/Ice        78%        N/A       1%          2
 Passwall                 Tmut/Erth      61%        N/A       1%          2
 Static Discharge         Conj/Air       64%        3-11/arc  1%          2
 Conjure Flame            Conj/Fire      39%        6-21      1%          3
 Dazzling Flash           Conj/Hex       78%        N/A       1%          3
 Ignite Poison            Fire/Tmut/Pois 66%        N/A       1%          3
 Mephitic Cloud           Conj/Pois/Air  64%        N/A       1%          3
 Ozocubu's Armour         Ice            50%        N/A       1%          3
 Portal Projectile        Hex/Tloc       100%       N/A       1%          3
 Spider Form              Tmut/Pois      78%        N/A       1%          3
 Stone Arrow              Conj/Erth      100%       3d13      1%          3
 Swiftness                Air            75%        N/A       1%          3
 Airstrike                Air            37%        0-12+     1%          4
 Iskenderun's Mystic Bla  Conj/Tloc      67%        2d14      1%          4
 Olgreb's Toxic Radiance  Pois           66%        N/A       1%          4
 Passage of Golubria      Tloc           80%        N/A       1%          4
 Petrify                  Tmut/Erth      74%        N/A       1%          4
 Summon Lightning Spire   Summ/Air       62%        N/A       1%          4
 Alistair's Intoxication  Tmut/Pois      52%        N/A       1%          5
 Blade Hands              Tmut           44%        N/A       1%          5
 Summon Forest            Summ/Tloc      32%        N/A       1%          5
 Yara's Violent Unravell  Hex/Tmut       33%        3d14      1%          5
 Dispersal                Tloc           40%        N/A       1%          6
 Scorch                   Fire           54%        2d8       2%          2
 Sublimation of Blood     Necr           27%        N/A       2%          2
 Animate Armour           Summ/Erth      100%       N/A       3%          4
 Hailstorm                Conj/Ice       50%        3d11      3%          4
 Inner Flame              Hex/Fire       27%        N/A       4%          3
 Tukima's Dance           Hex            27%        N/A       4%          3
 Vampiric Draining        Necr           27%        2d7       4%          3
 Silence                  Hex/Air        28%        N/A       4%          5
 Leda's Liquefaction      Hex/Erth       21%        N/A       5%          4
 Lee's Rapid Deconstruct  Erth           27%        3d15*     5%          5
 Flame Wave               Conj/Fire      39%        2d9       7%          4
 Fulminant Prism          Conj/Hex       19%        3d11      7%          4
 Sticky Flame             Conj/Fire      39%        2d6       7%          4
 Iskenderun's Battlesphe  Conj           50%        2d10      9%          5
 Conjure Ball Lightning   Conj/Air       32%        3x3d10    11%         6
 Anguish                  Hex/Necr       13%        N/A       16%         4
 Cause Fear               Hex            13%        N/A       16%         4
 Dispel Undead            Necr           27%        3d13      16%         4
 Fireball                 Conj/Fire      19%        3d9       19%         5
 Metabolic Englaciation   Hex/Ice        19%        N/A       19%         5
 Summon Mana Viper        Hex/Summ       36%        N/A       22%         5
 Iron Shot                Conj/Erth      26%        9d6       36%         6
 Agony                    Necr           27%        N/A       38%         5
 Malign Gateway           Summ/Tloc      32%        N/A       47%         7
 Disjunction              Tloc           40%        N/A       50%         8
 Summon Cactus Giant      Summ           22%        N/A       56%         6
 Starburst                Conj/Fire      19%        6d7       71%         6
 Maxwell's Capacitive Co  Air            37%        ∞         73%         8
 Orb of Destruction       Conj           25%        9d9       94%         7
 Monstrous Menagerie      Summ           22%        N/A       98%         7
 Summon Hydra             Summ           22%        N/A       98%         7
 Enfeeble                 Hex            13%        N/A       100%        7
 Haunt                    Necr/Summ      18%        N/A       100%        7
 Discord                  Hex            13%        N/A       100%        8
 Infestation              Necr           13%        N/A       100%        8
 Summon Horrible Things   Summ           22%        N/A       100%        8
 Chain Lightning          Conj/Air       32%        3d42      100%        9
 Dragon's Call            Summ           22%        N/A       100%        9
 Polar Vortex             Ice            25%        N/A       100%        9
 Corpse Rot               Necr/Pois/Air  Unusable   N/A       N/A         4
 Animate Dead             Necr           Unusable   N/A       N/A         4

Dungeon Overview and Level Annotations

Branches:
Dungeon (15/15)            Temple (1/1) D:4            Lair (6/6) D:9
 Shoals (4/4) Lair:4       Spider (4/4) Lair:3        Slime (0/5) Lair:5
    Orc (2/2) D:10            Elf (3/3) Orc:2        Vaults (5/5) D:13
  Crypt (0/3) Vaults:2     Depths (4/4) D:15            Zot (5/5) Depths:4
  IceCv (visited)         Desolation (visited)      Gauntlet (visited)

Altars:
Ashenzari
Cheibriados
Dithmenos
Elyvilon
Fedhas
Gozag
Hepliaklqana
Kikubaaqudgha
Makhleb
Nemelex Xobeh
Okawaru
Qazlal
Ru
Sif Muna
Trog
Uskayaw
Vehumet
Wu Jian
Xom
Yredelemnul
Zin
The Shining One

Shops:
D:2 =   D:7 ?   D:12 (   D:13 :*   D:14 :   Orc:2 !*:[   Elf:1 (*(?   Elf:2 [
Spider:2 *[   Vaults:5 [=   Depths:4 =!=

Portals:
Hell: Depths:1 Depths:2 Depths:3 Depths:4
Abyss: Depths:2 Depths:3 Depths:4
Pandemonium: Depths:1 Depths:2
Ziggurat: Depths:2

Annotations:
D:7 1 runed translucent door, exclusion: door, Crazy Yiuf
Elf:1 6 transporters
Vaults:2 3 runed translucent doors, exclusion: 3 doors


Innate Abilities, Weirdness & Mutations

You are too large for most types of armour.
You have tough skin. (AC +1)
You are partially covered in iridescent scales. (AC +2)
You frequently scream uncontrollably at your foes.
You are covered in thick fur. (AC +2)


Message History

Where to? (Enter - D:1 @ (x,y), ? - help)
There is an escape hatch in the ceiling here.
A mysterious force pulls you upwards. The hatch slams shut behind you.
There is a stone staircase leading up here.
You fly upwards.
There is a stone staircase leading down here.
There is a stone staircase leading up here.
You fly upwards.
There is a stone staircase leading down here.
A chaos spawn comes into view.
You blast the chaos spawn!!!!
Lightning courses through the chaos spawn!
You kill the chaos spawn!
The chaos spawn degenerates into a cloud of primal chaos!
Really fly into that cloud of seething chaos? [Y]es or [N]o only, please.
Really fly into that cloud of seething chaos?
Okay, then.
Your transformation is almost over.
There is a stone staircase leading up here.
You fly upwards.
There is a stone staircase leading down here.
(D) Dungeon (T) Temple (L) Lair (A) Shoals (N) Spider Nest (M) Slime Pits (O) Orcish Mines (E) Elven Halls (V) Vaults (C) Crypt (U) Depths (H) Hell (Z) Zot
Where to? (Enter - D:1 @ (x,y), ? - help)
Your transformation has ended.
The +12 quarterstaff "Ridduoss" {spect, Fly Will++} unmelds from your body.
Your scarf of repulsion unmelds from your body.
Your +2 robe of willpower unmelds from your body.
You fly up into the air.
You feel a bond with the +12 quarterstaff "Ridduoss" {spect, Fly Will++}.
You are surrounded by a repulsion field.
You feel strong-willed.
HP restored.
There is a staircase leading out of the dungeon here.
You feel yourself speed up.
You feel very mighty all of a sudden.
You have escaped! #PPPPPPPPPPPPPPP### #PPPPPPPPPPPPPPP# #PPPPP.....PPPPP# #PPP..PPPPP..PPP# #PP.PPP...PPP.PP### #PP.PP.PPP.PP.PP... #P.PP.PP.PP.PP.P.## #P.P.PP.P.PP.P.P.# #P@P.P.PPP.P.P...# #P.P.PP.P.PP.P.P## #P.PP.PP.PP.PP.P# #PP.PP.PPP.PP.PP# #PP.PPP...PPP.PP# #PPP..PPPPP..PPP### #PPPPP.....PPPP.... #PPPPPPPPPPPPP..### #PPPPPPPPPPP....#

There were no monsters in sight!

Vanquished Creatures
  2 dread liches (Vaults:5)
  3 orbs of fire (Zot:5)
  Sojobo (Depths:4)
  Boris (Vaults:4)
  3 Killer Klowns
  The ghost of Camit the Hoplite, a veteran HOFi of Qazlal (Vaults:3)
  4 curse toes
  14 golden dragons
  A caustic shrike (Depths:3)
  Arachne (Spider:3)
  Nikola (Vaults:1)
  2 bone dragons
  A pearl dragon (Abyss:5)
  5 electric golems
  Rupert (D:12)
  14 tentacled monstrosities
  Mlioglotl (Spider:4)
  7 Orb Guardians
  3 deep elf blademasters (Elf:3)
  8 quicksilver dragons
  6 titans
  5 deep elf master archers (Elf:3)
  2 liches
  5 tentacled starspawn
  7 death cobs
  An Executioner (Depths:2)
  Frances (D:12)
  Kirke (Spider:4)
  6 sphinxes
  16 storm dragons
  6 tengu reavers
  12 shadow dragons
  Roxanne (Spider:4)
  Donald (Vaults:1)
  6 draconian monks
  The ghost of Lotebbim the Severer, an adept FoWn of the Shining One (Shoals:2)
  13 fire giants
  5 deep elf sorcerers (Elf:3)
  7 draconian knights
  5 balrugs
  7 emperor scorpions
  12 vault wardens
  2 orc warlords
  14 frost giants
  4 draconian stormcallers
  An iron dragon (Depths:3)
  Louise (D:15)
  Aizul (Vaults:1)
  4 draconian scorchers
  6 draconian shifters
  2 imperial myrmidons (Desolation)
  4 deep elf elementalists (Elf:3)
  7 ghost moths
  26 ironbound preservers
  2 broodmothers
  7 very ugly things
  7 draconian annihilators
  4 ironbound thunderhulks
  2 war gargoyles
  17 stone giants
  A vampire knight (Depths:2)
  14 green draconians
  13 white draconians
  A reaper (Depths:2)
  A lorocyproca (Abyss:4)
  10 purple draconians
  6 black draconians
  4 deep elf demonologists
  4 deep elf annihilators (Elf:3)
  A spark wasp (shapeshifter) (Vaults:5)
  8 yellow draconians
  5 dire elephants (Vaults:3)
  A minotaur (Gauntlet)
  9 red draconians
  14 spark wasps
  9 entropy weavers
  5 crystal guardians
  A halazid warlock (Desolation)
  20 ettins
  6 merfolk javelineers
  6 fire dragons
  7 deep elf death magi
  2 blizzard demons
  16 merfolk impalers
  Josephine (D:15)
  13 yaktaur captains
  8 deep elf high priests
  10 great orbs of eyes
  31 vault guards
  5 ragged hierophants (Desolation)
  Fannar (D:10)
  7 servants of whispers
  Harold (D:9)
  5 rakshasas
  2 ogre magi
  8 boulder beetles
  3 hydras
  A spriggan air mage (Depths:4)
  An anaconda (shapeshifter) (Vaults:5)
  A catoblepas (Lair:5)
  5 merfolk aquamancers
  8 peacekeepers
  Erica (D:9)
  9 jorogumos
  14 two-headed ogres
  2 ice dragons
  2 merfolk avatars
  10 centaur warriors
  2 alligator snapping turtles
  A two-headed ogre (shapeshifter) (Vaults:4)
  3 satyrs (Shoals:3)
  6 radroaches
  A death scarab (Spider:4)
  8 ironbound frosthearts
  7 death yaks
  4 orc high priests (Orc:2)
  3 deep troll earth magi
  Urug (Lair:6)
  16 tengu warriors
  2 deep troll shamans
  10 hell hogs
  7 spriggan berserkers (Depths:2)
  8 hell knights
  2 wretched stars (Abyss:4)
  12 sun demons
  A spriggan (Depths:3)
  A thrashing horror (Abyss:4)
  7 soul eaters
  Nergalle (Lair:4)
  19 deep elf knights
  3 shadow wraiths
  3 sixfirhies
  6 skeletal warriors
  A fire crab (Gauntlet)
  5 pharaoh ants
  10 iron trolls
  58 deep trolls
  2 glowing orange brains (Depths:2)
  5 sun moths
  6 steelbarb worms
  12 sea snakes
  An orange crystal statue (Zot:5)
  2 flayed ghosts
  15 ironbound convokers
  19 orb spiders
  12 deep elf archers
  8 wizards
  4 orc knights
  18 harpies
  22 deep elf pyromancers
  11 lindwurms
  7 phantasmal warriors
  2 necromancers
  A manticore (shapeshifter) (Vaults:5)
  38 wolf spiders
  14 manticores
  14 fauns
  34 ugly things
  27 deep elf zephyrmancers
  2 orc sorcerers
  6 large abominations
  34 moths of wrath
  2 cyclopes
  A worldbinder (Abyss:4)
  A salamander (Depths:3)
  2 ice statues
  13 black mambas
  4 elephants (Lair:6)
  6 guardian serpents
  2 elephants (shapeshifter)
  20 vault sentinels
  A rust devil (Depths:1)
  7 merfolk sirens
  18 cane toads
  An eye of devastation (Abyss:4)
  5 smoke demons
  A molten gargoyle (Depths:1)
  2 gargoyles
  5 torpor snails
  9 water nymphs
  An orange demon (Depths:1)
  A water nymph (shapeshifter) (Depths:4)
  A cane toad (shapeshifter) (Vaults:5)
  10 demonic crawlers
  11 rime drakes
  Maggie (D:6)
  6 freezing wraiths
  4 tengu conjurers
  8 komodo dragons
  38 yaktaurs
  4 efreet
  A hellwing (Depths:1)
  6 ice devils
  3 kobold demonologists
  31 merfolk
  A queen bee (shapeshifter) (Elf:2)
  11 meliai
  9 trolls
  2 ancient zymes (Abyss:4)
  10 wind drakes
  9 polar bears
  A wind drake (shapeshifter) (Vaults:5)
  A silent spectre (Abyss:4)
  27 tarantellas
  35 slime creatures
  59 saltlings
  4 dream sheep (Shoals:1)
  A tyrant leech (Gauntlet)
  6 hornets
  25 blink frogs
  A hornet (shapeshifter) (D:15)
  A snapping turtle (shapeshifter) (Elf:3)
  22 jumping spiders
  6 flying skulls (Gauntlet)
  A centaur simulacrum (D:14)
  15 starcursed masses (Abyss:4)
  4 small abominations
  22 culicivoras
  A shadow (D:9)
  11 snapping turtles
  7 air elementals
  Sigmund (D:6)
  A dire elephant simulacrum (Abyss:4)
  6 wraiths
  4 ynoxinuls
  33 water elementals
  23 wyverns
  2 fire elementals
  Eustachio (D:4)
  31 yaks
  5 basilisks
  2 chaos spawn
  5 hogs (Spider:4)
  A steam dragon (D:8)
  55 redbacks
  4 vampire mosquitoes (D:13)
  2 fire bats (Gauntlet)
  2 neqoxecs
  3 wargs (Orc:1)
  4 swamp worms (Gauntlet)
  28 water moccasins
  3 acid dragons
  Duvessa (D:4)
  25 orc warriors
  A black bear (D:5)
  An ice beast (D:7)
  A meliai simulacrum (D:14)
  An ettin simulacrum (Depths:2)
  3 sky beasts
  8 boggarts
  A centaur (shapeshifter) (Elf:1)
  3 ogres
  An ogre (shapeshifter) (D:9)
  15 centaurs
  24 wolves
  A phantom (D:4)
  A kobold brigand (D:8)
  5 earth elementals
  Blork the orc (D:6)
  12 bullfrogs
  A necrophage (D:6)
  4 gnoll sergeants
  3 scorpions
  10 wights
  Dowan (D:4)
  9 killer bees
  4 howler monkeys
  A lava snake (Lair:3)
  3 hounds
  A jelly (D:6)
  4 gnoll boudas
  32 orc priests
  50 orc wizards
  4 iguanas
  29 gnolls
  19 adders
  A shadow imp (D:7)
  A white imp (Abyss:4)
  2 ufetubi
  A worm (D:3)
  A worm (shapeshifter) (Vaults:5)
  5 dart slugs
  80 orcs
  8 ball pythons
  5 endoplasms
  5 giant cockroaches
  8 hobgoblins
  4 jackals (D:2)
  13 kobolds
  A quokka (D:2)
  7 bats
  4 frilled lizards
  5 goblins (D:2)
  3 rats (D:1)
  A fire vortex (Depths:1)
  A starspawn tentacle (Abyss:4)
2318 creatures vanquished.

Vanquished Creatures (collateral kills)
  A dread lich (Zot:5)
  2 Killer Klowns (Zot:5)
  An electric golem (Zot:5)
  11 Orb Guardians (Zot:5)
  A tengu reaver (Depths:4)
  A draconian stormcaller (Zot:5)
  2 very ugly things (Depths:4)
  4 white draconians
  A black draconian (Zot:5)
  A red draconian (Depths:4)
  A yaktaur captain (Depths:4)
  A deep troll earth mage (Depths:4)
  2 hell knights (Depths:4)
  A deep troll (Depths:4)
  A harpy (Shoals:2)
  2 necromancers (Depths:4)
  A cyclops (shapeshifter) (Depths:4)
  A tarantella (Spider:3)
  A killer bee (D:8)
  2 electric eels (Lair:3)
  2 lava snakes (Lair:3)
  An orc priest (D:10)
  2 gnolls (D:10)
  7 orcs (D:10)
50 creatures vanquished.

Vanquished Creatures (others)
  An orb of fire (Zot:5)
  An ancient lich (Zot:5)
  A juggernaut (Depths:2)
  Saint Roka (Depths:3)
  A golden dragon (Zot:5)
  A Hell Sentinel (Depths:1)
  7 Orb Guardians (Zot:5)
  2 tentacled monstrosities (Zot:5)
  A lich (Depths:4)
  A quicksilver dragon (Zot:5)
  An iron dragon (Depths:2)
  A fire giant (Depths:4)
  2 draconian scorchers (Zot:5)
  A spriggan defender (Depths:3)
  A very ugly thing (Depths:4)
  A stone giant (Depths:4)
  A black draconian (Depths:4)
  A yellow draconian (Zot:5)
  A white draconian (Zot:5)
  2 red draconians (Zot:5)
  A deep elf high priest (Depths:2)
  An ice dragon (Depths:2)
  A deep troll earth mage (Depths:4)
  A tengu warrior (Depths:2)
  27 dancing weapons
  A hell knight (Depths:3)
  2 quicksilver dragon simulacra (Depths:2)
  3 deep trolls (Depths:4)
  A deep elf zephyrmancer (Elf:2)
  An orc sorcerer (Depths:3)
  An ugly thing (Depths:2)
  3 moths of wrath
  A yaktaur (Vaults:3)
  A hornet (Depths:3)
  A spriggan (Depths:3)
  2 orc warriors (Depths:3)
  3 ettin simulacra (Depths:2)
  4 orcs (Depths:3)
  4 demonic plants (Abyss:4)
  62 fungi
  137 plants
  3 starspawn tentacles (Abyss:4)
  A withered plant (Gauntlet)
291 creatures vanquished.

Grand Total: 2659 creatures vanquished

Notes
Turn   | Place    | Note
-------+----------+-------------------------------------------
     0 | D:1      | oldmanjim the Ogre Transmuter began the quest for the Orb.
     0 | D:1      | Reached XP level 1. HP: 19/19 MP: 3/3
   187 | D:1      | Reached XP level 2. HP: 28/28 MP: 3/5
   208 | D:1      | Reached skill level 3 in Unarmed Combat
   686 | D:1      | Reached XP level 3. HP: 32/35 MP: 5/7
  1389 | D:2      | Learned a level 3 spell: Spider Form
  1619 | D:2      | You fall into a shaft and drop 1 floor!
  1656 | D:3      | Reached XP level 4. HP: 34/45 MP: 8/8
  1820 | D:3      | Reached skill level 1 in Poison Magic
  1964 | D:2      | Upgraded the game from 0.29-a0-717-g6dac4ea423 to
                  | 0.29-a0-721-g7f417c9bbb
  2091 | D:2      | Found Jitwi's Jewellery Emporium.
  2473 | D:2      | Reached XP level 5. HP: 53/53 MP: 7/9
  3469 | D:4      | Found a staircase to the Ecumenical Temple.
  3561 | D:4      | Noticed Duvessa
  3898 | D:4      | Noticed a centaur
  4221 | D:4      | Reached XP level 6. HP: 56/61 MP: 8/10
  4267 | D:4      | Noticed Dowan
  4297 | D:4      | Killed Duvessa
  4298 | D:4      | Reached skill level 5 in Transmutations
  4665 | D:4      | Killed Dowan
  4666 | D:4      | Reached XP level 7. HP: 52/70 MP: 8/11
  4928 | D:4      | Noticed Eustachio
  4946 | D:4      | Killed Eustachio
  5188 | D:5      | Entered Level 5 of the Dungeon
  5385 | D:5      | Upgraded the game from 0.29-a0-721-g7f417c9bbb to
                  | 0.29-a0-723-gce39da1c22
  5391 | D:5      | Learned a level 4 spell: Ice Form
  5476 | D:5      | Reached skill level 5 in Fighting
  5594 | D:5      | Reached skill level 4 in Unarmed Combat
  5627 | D:5      | Reached XP level 8. HP: 80/80 MP: 10/14
  5668 | D:5      | Reached skill level 1 in Ice Magic
  6166 | D:5      | Found an ancient bone altar of Kikubaaqudgha.
  6173 | D:5      | Found a white marble altar of Elyvilon.
  6181 | D:5      | Found a burning altar of Makhleb.
  6188 | D:5      | Found a bloodstained altar of Trog.
  6196 | D:5      | Found a hazy altar of Hepliaklqana.
  6201 | D:5      | Found a shadowy altar of Dithmenos.
  6212 | D:5      | Found a glowing golden altar of the Shining One.
  7131 | Temple   | Entered the Ecumenical Temple
  7245 | Temple   | Became a worshipper of Gozag Ym Sagoz the Greedy
  7332 | D:5      | Reached skill level 5 in Unarmed Combat
  7408 | D:5      | Learned a level 3 spell: Frozen Ramparts
  7588 | D:6      | Noticed Sigmund
  7595 | D:6      | Killed Sigmund
  7634 | D:6      | Noticed Blork the orc
  7642 | D:6      | Killed Blork the orc
  7643 | D:6      | Reached XP level 9. HP: 88/88 MP: 11/15
  7690 | D:6      | Reached skill level 6 in Unarmed Combat
  7904 | D:6      | Identified the +1 scale mail of Lethargy {+Blink rPois
                  | Int-3}
  7989 | D:6      | Noticed Maggie
  8038 | D:6      | HP: 4/105 [Maggie/bolt of fire (36)]
  8040 | D:6      | Killed Maggie
  8329 | D:6      | Reached skill level 5 in Spellcasting
  8808 | D:6      | Learned a level 4 spell: Summon Ice Beast
  9033 | D:7      | Noticed a hornet
  9071 | D:7      | Reached skill level 1 in Summonings
  9079 | D:6      | Reached skill level 7 in Unarmed Combat
  9559 | D:7      | Killed a hornet
  9560 | D:7      | Reached XP level 10. HP: 102/102 MP: 11/19
  9781 | D:7      | Upgraded the game from 0.29-a0-723-gce39da1c22 to
                  | 0.29-a0-732-g3d7fbe0af2
  9932 | D:7      | Learned a level 5 spell: Irradiate
 10020 | D:7      | Found a runed translucent door.
 10021 | D:7      | Noticed Crazy Yiuf
 10085 | D:7      | Found Bout's Magic Scroll Shop.
 10684 | D:8      | Noticed a two-headed ogre
 10826 | D:8      | Reached skill level 1 in Earth Magic
 10917 | D:8      | Killed a two-headed ogre
 11256 | D:8      | Reached skill level 8 in Unarmed Combat
 11925 | D:9      | Found a staircase to the Lair.
 12066 | D:9      | Reached skill level 1 in Conjurations
 12163 | D:9      | Noticed a gargoyle
 12168 | D:9      | Killed a gargoyle
 12173 | D:9      | Reached XP level 11. HP: 91/110 MP: 13/20
 12174 | D:9      | Noticed a two-headed ogre
 12659 | D:9      | Noticed Harold
 12684 | D:9      | Killed Harold
 13110 | D:9      | Noticed Erica
 13123 | D:9      | Killed Erica
 13231 | D:9      | Identified a scroll of acquirement
 13231 | D:9      | Acquired a book of Transfigurations
 13304 | D:9      | Killed a two-headed ogre
 13305 | D:9      | Reached skill level 9 in Unarmed Combat
 14049 | D:10     | Entered Level 10 of the Dungeon
 15053 | D:10     | Noticed a two-headed ogre
 15185 | D:10     | Killed a two-headed ogre
 15242 | D:10     | Reached XP level 12. HP: 119/119 MP: 15/22
 15252 | D:10     | Reached skill level 10 in Unarmed Combat
 15431 | D:10     | Noticed Fannar
 15452 | D:10     | Killed Fannar
 15582 | D:10     | Found a staircase to the Orcish Mines.
 15730 | Lair:1   | Entered Level 1 of the Lair of Beasts
 16733 | Lair:1   | Reached skill level 10 in Transmutations
 17388 | Lair:1   | Learned a level 7 spell: Dragon Form
 18211 | Lair:2   | Identified the ring "Mewecafe" {rPois rN+ rCorr Str-4
                  | Int+4}
 19983 | Lair:3   | Found a hole to the Spider Nest.
 20308 | Lair:4   | Noticed Nergalle
 20313 | Lair:4   | Killed Nergalle
 20321 | Lair:4   | Reached XP level 13. HP: 127/127 MP: 19/26
 20352 | Lair:4   | Found a frozen archway.
 20370 | IceCv    | Entered an ice cave
 20461 | IceCv    | Reached skill level 5 in Dodging
 21104 | IceCv    | Reached skill level 11 in Unarmed Combat
 21313 | IceCv    | Noticed a frost giant
 21325 | IceCv    | Killed a frost giant
 21809 | IceCv    | Reached skill level 12 in Unarmed Combat
 22251 | Lair:4   | Found a staircase to the Shoals.
 22384 | Lair:4   | You fall into a shaft and drop 2 floors!
 22384 | Lair:6   | Entered Level 6 of the Lair of Beasts
 23247 | Lair:4   | Found a runed translucent door.
 23857 | Lair:5   | Reached XP level 14. HP: 140/140 MP: 19/27
 24123 | Lair:5   | Reached skill level 10 in Spellcasting
 24788 | Lair:5   | Found a staircase to the Slime Pits.
 25231 | Lair:6   | Reached skill level 10 in Fighting
 25645 | Lair:6   | Reached skill level 13 in Unarmed Combat
 26158 | Lair:6   | Noticed Urug
 26573 | Lair:6   | Killed Urug
 26885 | Lair:6   | Upgraded the game from 0.29-a0-732-g3d7fbe0af2 to
                  | 0.29-a0-757-g358383bc75
 27307 | Lair:6   | Reached XP level 15. HP: 149/149 MP: 22/29
 27516 | Lair:6   | Identified the +1 ring mail of the Armoured One {Str+8
                  | Dex-3}
 27730 | Orc:1    | Entered Level 1 of the Orcish Mines
 27735 | Orc:1    | Reached skill level 14 in Unarmed Combat
 27930 | Orc:2    | Entered Level 2 of the Orcish Mines
 28136 | Orc:2    | Reached skill level 1 in Evocations
 28292 | Orc:2    | Found a staircase to the Elven Halls.
 28383 | Orc:1    | Noticed an orc warlord
 28401 | Orc:2    | Killed an orc warlord
 29030 | Orc:2    | Found Miodghasen's General Store.
 29030 | Orc:2    | Found Boucorph's Armour Boutique.
 29031 | Orc:2    | Found Gaojila Vama's Book Boutique.
 29460 | Orc:2    | Found Lemadeosm's Distillery.
 29466 | Orc:2    | Bought a potion of magic for 112 gold pieces
 29466 | Orc:2    | Bought a potion of mutation for 112 gold pieces
 30070 | D:11     | Found a gate leading to a gauntlet.
 30079 | Gauntlet | Entered a Gauntlet
 30079 | Gauntlet | Found a transporter.
 30079 | Gauntlet | Found a transporter.
 30091 | Gauntlet | Found a transporter.
 30092 | Gauntlet | Found a transporter.
 30100 | Gauntlet | Found a transporter.
 30103 | Gauntlet | Found a transporter.
 30110 | Gauntlet | Found a runed translucent door.
 30113 | Gauntlet | Found a transporter.
 30127 | Gauntlet | Found a transporter.
 30141 | Gauntlet | Found a transporter.
 30145 | Gauntlet | Found a transporter.
 30156 | Gauntlet | Found a transporter.
 30157 | Gauntlet | Found a transporter.
 30377 | Gauntlet | Identified the ring "Oxiskirr" {rPois rF+ Stlth+}
 30446 | Gauntlet | Identified the +0 helmet of the Stone Wall {rPois Int+2}
 30628 | Gauntlet | Identified the +3 broad axe "Vyox" {freeze, rElec Dex+4
                  | SInv}
 30628 | Gauntlet | Identified the ring of the Thoughtful Beasts {Str+3 SInv}
 31629 | D:12     | Noticed Frances
 31642 | D:12     | Killed Frances
 31794 | D:12     | Noticed Rupert
 31798 | D:12     | Killed Rupert
 31983 | D:12     | Found Ulumpeoti's Antique Weapon Shop.
 32669 | D:13     | Reached skill level 15 in Unarmed Combat
 33641 | D:13     | Found a gate to the Vaults.
 34500 | D:14     | Gained mutation: You sometimes lose your temper in combat.
                  | [mutagenic glow]
 34761 | D:14     | Reached XP level 16. HP: 158/158 MP: 16/30
 34763 | D:14     | Reached skill level 16 in Unarmed Combat
 34778 | D:14     | Found an iron altar of Okawaru.
 34871 | D:14     | Found Adiul's Book Shop.
 35552 | D:15     | Entered Level 15 of the Dungeon
 35699 | D:15     | Found a white marble altar of Elyvilon.
 35762 | D:15     | Noticed Louise
 35769 | D:15     | Killed Louise
 36373 | D:15     | Found a staircase to the Depths.
 36397 | D:15     | Found a broken altar of Ashenzari.
 36407 | D:15     | Noticed Josephine
 36427 | D:15     | Killed Josephine
 37349 | Lair:3   | Upgraded the game from 0.29-a0-757-g358383bc75 to
                  | 0.29-a0-775-g4d7333d4e2
 37350 | Spider:1 | Entered Level 1 of the Spider Nest
 40483 | Spider:2 | Reached skill level 10 in Dodging
 40624 | Spider:2 | Reached XP level 17. HP: 172/172 MP: 28/32
 41685 | Spider:3 | Noticed Arachne
 41689 | Spider:3 | Paralysed by a jorogumo for 3 turns
 41706 | Spider:3 | Reached skill level 17 in Unarmed Combat
 43028 | Spider:2 | Bought a runed robe for 125 gold pieces
 43032 | Spider:2 | Bought a transparent robe for 267 gold pieces
 43032 | Spider:2 | Identified the +1 robe "Hero's Friend" {+Blink} (You bought
                  | it in a shop on level 2 of the Spider Nest)
 43032 | Spider:2 | Bought a scroll of blinking for 352 gold pieces
 43250 | Spider:2 | Gained mutation: Your magical capacity is low. (-10% MP)
                  | [mutagenic glow]
 43264 | Spider:2 | Gained mutation: You are frail. (-10% HP) [mutagenic glow]
 43848 | Spider:2 | Reached skill level 15 in Transmutations
 44891 | Spider:2 | Paralysed by a jorogumo for 2 turns
 45411 | Spider:3 | Killed Arachne
 45912 | Spider:3 | Upgraded the game from 0.29-a0-775-g4d7333d4e2 to
                  | 0.29-a0-789-g7a8fcbc185
 45915 | Spider:4 | Entered Level 4 of the Spider Nest
 46192 | Spider:3 | Paralysed by a jorogumo for 3 turns
 46300 | Spider:3 | Learned a level 6 spell: Statue Form
 46509 | Spider:4 | Noticed Kirke
 46540 | Spider:4 | Killed Kirke
 47366 | Spider:3 | Lost mutation: You sometimes lose your temper in combat.
                  | [potion of mutation]
 47366 | Spider:3 | Lost mutation: Your magical capacity is low. (-10% MP)
                  | [potion of mutation]
 47366 | Spider:3 | Lost mutation: You are frail. (-10% HP) [potion of
                  | mutation]
 47366 | Spider:3 | Gained mutation: You are robust. (+10% HP) [potion of
                  | mutation]
 47366 | Spider:3 | Gained mutation: You have very sharp teeth. [potion of
                  | mutation]
 47366 | Spider:3 | Gained mutation: You have hidden genetic potential. [potion
                  | of mutation]
 47366 | Spider:3 | Gained mutation: Your spells are a little harder to cast,
                  | but a little more powerful. [potion of mutation]
 47923 | Spider:4 | Reached XP level 18. HP: 203/203 MP: 34/34
 49650 | Spider:4 | Identified Roxanne's Disquisition on Shape Shifting
 49650 | Spider:4 | Noticed Roxanne
 49666 | Spider:4 | Killed Roxanne
 49679 | Spider:4 | Noticed Mlioglotl
 50025 | Spider:4 | Killed Mlioglotl
 50630 | Spider:4 | Reached skill level 5 in Earth Magic
 51484 | Spider:4 | Paralysed by a jorogumo for 1 turns
 51750 | Spider:4 | Got a gossamer rune of Zot
 51982 | Shoals:1 | Entered Level 1 of the Shoals
 53415 | Shoals:1 | Identified the +1 leather armour of the King of the Hill
                  | {MP+9 Dex+6}
 53546 | Shoals:1 | Gained mutation: You expend magic power (3 MP) to
                  | strengthen your wands. [hidden potential]
 53828 | Shoals:1 | Learned a level 6 spell: Eringya's Noxious Bog
 53869 | Shoals:2 | Found a runed translucent door.
 53869 | Shoals:2 | Noticed Lotebbim's ghost (adept FoWn)
 53886 | Shoals:2 | Upgraded the game from 0.29-a0-789-g7a8fcbc185 to
                  | 0.29-a0-813-g4a14ea37d6
 53886 | Shoals:2 | Upgraded the game from 0.29-a0-813-g4a14ea37d6 to
                  | 0.29-a0-819-g94b489e0ae
 53919 | Shoals:2 | Reached skill level 18 in Unarmed Combat
 54148 | Shoals:2 | Killed Lotebbim's ghost
 54636 | Shoals:2 | Reached XP level 19. HP: 217/217 MP: 37/37
 55192 | Shoals:3 | Reached skill level 15 in Fighting
 56051 | Shoals:3 | Learned a level 2 spell: Poisonous Vapours
 56953 | Shoals:3 | Upgraded the game from 0.29-a0-819-g94b489e0ae to
                  | 0.29-a0-821-g66395355a5
 56955 | Shoals:4 | Entered Level 4 of the Shoals
 57068 | Shoals:4 | Reached skill level 5 in Poison Magic
 57477 | Shoals:4 | Paralysed by an air elemental for 1 turns
 58161 | Shoals:4 | Identified the ring "Ewulowek" {MP+9 Str+4 Stlth+}
 58494 | Shoals:4 | Got a barnacled rune of Zot
 58925 | Shoals:4 | Paralysed by an air elemental for 1 turns
 59151 | Shoals:4 | Found a stormy altar of Qazlal.
 59663 | Shoals:4 | Reached skill level 19 in Unarmed Combat
 59675 | Shoals:4 | Gained mutation: You have sharp toenails. [mutagenic glow]
 59691 | Shoals:4 | Gained mutation: Your magical capacity is low. (-10% MP)
                  | [mutagenic glow]
 59697 | Shoals:4 | Paralysed by an air elemental for 1 turns
 59703 | Shoals:4 | Paralysed by an air elemental for 1 turns
 59711 | Shoals:4 | Paralysed by an air elemental for 1 turns
 59714 | Shoals:4 | Gained mutation: You passively map a small area around you.
                  | [hidden potential]
 59714 | Shoals:4 | Lost mutation: You have hidden genetic potential. [hidden
                  | potential expressed]
 59723 | Shoals:4 | Paralysed by an air elemental for 1 turns
 60128 | Shoals:4 | Paralysed by an air elemental for 1 turns
 60132 | Shoals:4 | Paralysed by an air elemental for 1 turns
 60246 | Shoals:4 | Paralysed by an air elemental for 1 turns
 60248 | Shoals:4 | Paralysed by an air elemental for 1 turns
 60711 | D:13     | Bought a scroll of fear for 154 gold pieces
 60714 | D:13     | Bought a book of the Sky for 968 gold pieces
 60724 | D:13     | Learned a level 7 spell: Storm Form
 60971 | Lair:6   | Identified the +12 quarterstaff "Ridduoss" {spect, Fly
                  | Will++}
 61035 | Lair:5   | Upgraded the game from 0.29-a0-821-g66395355a5 to
                  | 0.29-a0-823-gc37b1572da
 61225 | Vaults:1 | Entered Level 1 of the Vaults
 61695 | Vaults:1 | Reached skill level 1 in Air Magic
 62292 | Vaults:1 | Reached XP level 20. HP: 236/236 MP: 28/34
 62968 | Vaults:1 | Noticed Aizul
 62976 | Vaults:1 | Killed Aizul
 63137 | Vaults:1 | Noticed Donald
 63142 | Vaults:1 | Killed Donald
 63435 | Vaults:1 | Noticed Nikola
 63445 | Vaults:1 | Killed Nikola
 64355 | Vaults:2 | Reached skill level 15 in Spellcasting
 64609 | Vaults:2 | Found a staircase to the Crypt.
 64609 | Vaults:2 | Found an ancient bone altar of Kikubaaqudgha.
 64610 | Vaults:2 | Found a basalt altar of Yredelemnul.
 65595 | Vaults:2 | Found a runed translucent gate.
 65595 | Vaults:2 | Found a runed translucent gate.
 65595 | Vaults:2 | Found a runed translucent gate.
 65769 | Vaults:2 | Reached skill level 5 in Air Magic
 66770 | Vaults:3 | You are sucked into a shaft and drop 1 floor!
 66872 | Vaults:3 | Reached XP level 21. HP: 245/253 MP: 29/36
 66872 | Vaults:3 | Found Tarphogadd's Weapon Shop.
 67291 | Vaults:3 | Reached skill level 20 in Unarmed Combat
 68475 | Vaults:3 | Found a runed translucent gate.
 68477 | Vaults:3 | Found a runed translucent gate.
 68477 | Vaults:3 | Found a runed translucent gate.
 68479 | Vaults:3 | Noticed Camit's ghost (veteran HOFi)
 69077 | Vaults:3 | Killed Camit's ghost
 69283 | Vaults:3 | Identified the +0 pair of gloves of Compression {Harm
                  | Dex+4}
 70047 | Vaults:4 | Noticed Boris
 70062 | Vaults:4 | Killed Boris
 71322 | Vaults:4 | Reached skill level 10 in Air Magic
 72184 | Elf:1    | Entered Level 1 of the Elven Halls
 72273 | Elf:1    | Found a crumbling gateway.
 72273 | Elf:1    | Found Sahuqo's Antique Weapon Boutique.
 72306 | Desolati | Entered the Desolation of Salt
 72351 | Desolati | Reached XP level 22. HP: 242/262 MP: 37/37
 72403 | Desolati | Reached skill level 21 in Unarmed Combat
 72449 | Desolati | Identified the +5 flail "Beastbane" {holy, rElec rPois}
 72449 | Desolati | Identified the +0 leather armour "Cowono Wun" {rElec Str+9
                  | Dex-4}
 72449 | Desolati | Identified the amulet of the Ego {RegenMP rElec rPois rN+
                  | Stlth-}
 72757 | Desolati | Identified the ring "Eladeiw" {rF+ rN+ Int+4}
 73128 | Desolati | Got the Teachings on the Lithosphere and the Winter
 73902 | Desolati | Got the Almanac of Conflagration
 74142 | Desolati | Found the +10 morningstar "Eos" {elec, Halo rElec}
 74154 | Desolati | Identified the ring "Ceimp" {rPois rF++ Will-}
 74295 | Elf:1    | Found Iduif's Assorted Antiques.
 74470 | Elf:1    | Bought an encrusted brass wand for 120 gold pieces
 74470 | Elf:1    | Bought a runed robe for 111 gold pieces
 74619 | Elf:1    | Found a transporter.
 74622 | Elf:1    | Found a transporter.
 74638 | Elf:1    | Found Womum's Antique Weapon Boutique.
 74658 | Elf:1    | Found a transporter.
 74664 | Elf:1    | Found a transporter.
 75239 | Elf:1    | Got the Spellbook of Allies
 75247 | Elf:1    | Found Juxt's Magic Scroll Shop.
 75256 | Elf:1    | Bought a scroll of teleportation for 57 gold pieces
 75256 | Elf:1    | Bought a scroll of teleportation for 57 gold pieces
 75256 | Elf:1    | Bought a scroll of fear for 66 gold pieces
 75256 | Elf:1    | Bought a scroll of fog for 38 gold pieces
 75256 | Elf:1    | Bought a scroll of fear for 66 gold pieces
 75256 | Elf:1    | Bought a scroll of immolation for 66 gold pieces
 75302 | Elf:1    | Found a transporter.
 75305 | Elf:1    | Found a transporter.
 75760 | Elf:2    | Found a runed translucent gate.
 75760 | Elf:2    | Found a runed translucent gate.
 75761 | Elf:2    | Found a runed translucent gate.
 75807 | Abyss:2  | Cast into level 2 of the Abyss (a deep elf demonologist)
 76367 | Abyss:5  | Gained mutation: You occasionally lose the ability to drink
                  | potions when taking damage. [a neqoxec]
 76467 | Elf:2    | Escaped the Abyss
 77854 | Elf:2    | Found Saockeih's Armour Shoppe.
 78688 | Elf:2    | Reached XP level 23. HP: 260/279 MP: 35/39
 78852 | Elf:2    | Reached skill level 22 in Unarmed Combat
 79189 | Elf:3    | Entered Level 3 of the Elven Halls
 79589 | Elf:3    | Paralysed by an air elemental for 1 turns
 80815 | Elf:2    | Lost mutation: You passively map a small area around you.
                  | [potion of mutation]
 80815 | Elf:2    | Lost mutation: You occasionally lose the ability to drink
                  | potions when taking damage. [potion of mutation]
 80815 | Elf:2    | Lost mutation: You have very sharp teeth. [potion of
                  | mutation]
 80815 | Elf:2    | Gained mutation: You have hidden genetic defects. [potion
                  | of mutation]
 80815 | Elf:2    | Gained mutation: You are partially covered in iridescent
                  | scales. (AC +2) [potion of mutation]
 81241 | Elf:3    | Identified the +5 triple sword of Exchange {distort,
                  | +Blink}
 81558 | Elf:3    | Identified the +8 glaive "Vumpooxu" {elec, Will+ rCorr
                  | Str+4 Stlth+}
 81748 | Elf:3    | Found the +8 demon blade "Leech" {vamp, Harm Drain rN+}
 81810 | Elf:3    | Identified the ring "Wisimaj" {Fly rPois rCorr Dex+6}
 81848 | Elf:3    | Acquired the ring of the Princeling {rElec rF+ Str+3 Int+6}
 81982 | Elf:3    | Identified the +1 plate armour "Tougg" {rF++ Will+ Int-5
                  | Stlth+}
 81983 | Elf:3    | Identified the +1 plate armour "Juulegh" {+Blink Str-5
                  | Dex+6 Stlth-}
 81993 | Elf:3    | Got the Directory of the Lungs and Production
 82005 | Elf:3    | Identified the +0 pair of gloves of the Three Wishes {rElec
                  | Str+2}
 82022 | Elf:3    | Got Luademos's Folio of Pestilent Rime
 82066 | Elf:3    | Identified the +4 short sword of Inflation {venom, rElec
                  | Int+9 Dex-5}
 82069 | Elf:3    | Identified the +10 plate armour of Indecent Exposure
                  | {Dex+2}
 82072 | Elf:3    | Identified the +1 pair of boots of Lomisaibo {Rampage rC++
                  | Dex-5 SInv}
 82073 | Elf:3    | Identified the +7 war axe of the Tent {freeze, Str+3 Int+4}
 82082 | Elf:3    | Upgraded the game from 0.29-a0-823-gc37b1572da to
                  | 0.29-a0-824-gd827844252
 82381 | Depths:1 | Entered Level 1 of the Depths
 82469 | Depths:1 | Lost mutation: Your spells are a little harder to cast, but
                  | a little more powerful. [hidden defects]
 82766 | Depths:1 | Identified the +1 buckler "Cesewua" {*Slow rCorr Str+4
                  | Slay+5}
 82942 | Depths:1 | Found a faded altar of an unknown god.
 82942 | Depths:1 | Found a faded altar of an unknown god.
 82943 | Depths:1 | Found a hazy altar of Hepliaklqana.
 83015 | Depths:1 | Found a one-way gate leading to the halls of Pandemonium.
 83499 | Depths:1 | Found a gateway to Hell.
 83748 | Depths:2 | Gained mutation: You are clumsy. (Dex -2) [hidden defects]
 83748 | Depths:2 | Lost mutation: You have hidden genetic defects. [hidden
                  | defects expressed]
 83965 | Depths:2 | Found a burning altar of Makhleb.
 83996 | Depths:2 | Found a one-way gateway to a ziggurat.
 84004 | Depths:2 | Identified the +5 ring mail of Sin {Slay+2 SInv}
 84279 | Depths:2 | Identified the +9 dagger of Zoj Piet {vorpal, rN+ Int+2
                  | Dex-3 Stlth+}
 84312 | Depths:2 | Reached XP level 24. HP: 221/291 MP: 34/40
 84764 | Depths:2 | Reached skill level 23 in Unarmed Combat
 84873 | Depths:2 | Found a broken altar of Ashenzari.
 84917 | Depths:2 | Identified the +6 mace of the Moth {venom, *Slow rF+ Str+5}
 84917 | Depths:2 | Identified the +0 scale mail "Bokufran" {Harm rElec Int-4}
 85501 | Depths:2 | Found an opulent altar of Gozag.
 86258 | Depths:2 | Noticed a juggernaut
 86868 | Depths:2 | Killed a juggernaut
 87011 | Depths:2 | Found a blossoming altar of Fedhas.
 87038 | Depths:2 | Found a one-way gate to the infinite horrors of the Abyss.
 88449 | Depths:3 | Noticed Saint Roka
 88703 | Depths:3 | Killed Saint Roka
 89104 | Depths:3 | Noticed a caustic shrike
 89109 | Depths:3 | Killed a caustic shrike
 89177 | Depths:3 | Identified the +5 hand axe "Guzoulicei" {vamp, rN+}
 89412 | Depths:3 | Acquired 869 gold pieces
 89417 | Depths:4 | Entered Level 4 of the Depths
 89893 | Depths:4 | Noticed Sojobo
 89897 | Depths:4 | Killed Sojobo
 89926 | Depths:4 | Reached skill level 5 in Evocations
 90907 | Depths:4 | Found a gate to the Realm of Zot.
 91050 | Depths:4 | Upgraded the game from 0.29-a0-824-gd827844252 to
                  | 0.29-a0-845-g6161e89988
 91097 | Depths:4 | Bought a potion of magic for 128 gold pieces
 91097 | Depths:4 | Bought a potion of might for 64 gold pieces
 91097 | Depths:4 | Bought a potion of magic for 128 gold pieces
 91436 | Vaults:5 | Entered Level 5 of the Vaults
 91452 | Vaults:5 | Noticed a dread lich
 91461 | Vaults:5 | Killed a dread lich
 91874 | Vaults:5 | Reached XP level 25. HP: 248/288 MP: 40/40
 91895 | Vaults:5 | Reached skill level 24 in Unarmed Combat
 92242 | Vaults:5 | Identified the +2 flail of Qazlal, Fortifying {vorpal,
                  | Drain MP+9 Int+3 Dex+7}
 92989 | Vaults:5 | Identified the ring of Fedhas's Grace {rPois rF+ Will+
                  | Str+3 Dex+2}
 93102 | Vaults:5 | Noticed a dread lich
 93107 | Vaults:5 | Killed a dread lich
 93238 | Vaults:5 | Identified the +7 rapier "Dammou Qarcho" {vorpal, rF+ rCorr
                  | Int+3}
 93765 | Vaults:5 | Got a silver rune of Zot
 93943 | Vaults:5 | Found Fyipnagi's Jewellery Shop.
 94093 | Vaults:5 | Found Olunafet's Armour Shoppe.
 94093 | Vaults:5 | Identified the +7 spear of Honour {speed, rC+}
 94093 | Vaults:5 | Identified the ring "Ciodikhy" {rN+ EV+4 Int-3 Dex+2}
 94120 | Vaults:5 | Identified the +3 ring mail of the Devil's Advocate {-Tele
                  | Harm Str+8 Stlth+}
 94452 | Vaults:5 | Got the Precepts of Floating Hexing
 94555 | Vaults:5 | Got the Omnibus of Earth
 94966 | Vaults:5 | Identified the +3 long sword "Cuot" {speed, rCorr Int+3
                  | Dex+3}
 95323 | Vaults:5 | Found Fyipnagi's Jewellery Shop.
 95617 | Vaults:5 | Found Olunafet's Armour Shoppe.
 95758 | Vaults:5 | Upgraded the game from 0.29-a0-845-g6161e89988 to
                  | 0.29-a0-857-g9b1aa3ac5b
 95758 | Vaults:5 | Upgraded the game from 0.29-a0-857-g9b1aa3ac5b to
                  | 0.29-a0-872-g797fff5ad1
 96100 | Zot:1    | Entered Level 1 of the Realm of Zot
 96516 | Zot:1    | HP: 7/315 [storm dragon (10)]
 97908 | Zot:1    | Reached XP level 26. HP: 326/326 MP: 29/40
 98648 | Zot:1    | Identified the +0 chain mail of Noon {-Tele rPois Will+
                  | Dex+5}
 99051 | Zot:2    | Upgraded the game from 0.29-a0-872-g797fff5ad1 to
                  | 0.29-a0-876-gfc89b1a5bd
 99390 | Zot:2    | HP: 9/738 [quicksilver dragon (28)]
100774 | Zot:2    | Reached skill level 25 in Unarmed Combat
101802 | Zot:3    | Noticed a Killer Klown
101840 | Zot:3    | Killed a Killer Klown
102578 | Zot:3    | Learned a level 5 spell: Lightning Bolt
102901 | Zot:3    | Learned a level 5 spell: Manifold Assault
102977 | Zot:3    | Reached skill level 1 in Translocations
103321 | Zot:4    | Noticed a Killer Klown
103436 | Zot:4    | Reached skill level 5 in Translocations
103441 | Zot:4    | Killed a Killer Klown
104582 | Zot:4    | Reached skill level 10 in Translocations
105102 | Zot:4    | Reached XP level 27. HP: 343/343 MP: 26/40
105213 | Zot:4    | Reached skill level 15 in Dodging
106129 | Zot:5    | Entered Level 5 of the Realm of Zot
106575 | Zot:5    | Noticed a dread lich
106590 | Zot:5    | Noticed an orb of fire
106591 | Zot:5    | Noticed an orb of fire
106596 | Zot:5    | Reached skill level 26 in Unarmed Combat
107012 | Zot:5    | Killed an orb of fire
107189 | Zot:5    | Noticed an orb of fire
107191 | Zot:5    | Noticed an orb of fire
107193 | Zot:5    | Noticed an orb of fire
107195 | Zot:5    | Noticed an ancient lich
107198 | Zot:5    | Killed an ancient lich
107204 | Zot:5    | Killed an orb of fire
107241 | Zot:5    | Noticed an orb of fire
107426 | Zot:5    | Gained mutation: Your body sometimes deteriorates upon
                  | taking damage. [an orb of fire]
107430 | Zot:5    | Gained mutation: Your magical capacity is very low. (-20%
                  | MP) [an orb of fire]
107432 | Zot:5    | Killed an orb of fire
107433 | Zot:5    | Reached skill level 27 in Unarmed Combat
107482 | Zot:5    | Identified the +6 hand axe "Sanagrest" {freeze, rC+ Str+5}
107683 | Zot:5    | Lost mutation: You expend magic power (3 MP) to strengthen
                  | your wands. [potion of mutation]
107683 | Zot:5    | Lost mutation: You are robust. (+10% HP) [potion of
                  | mutation]
107683 | Zot:5    | Lost mutation: Your magical capacity is very low. (-20% MP)
                  | [potion of mutation]
107683 | Zot:5    | Gained mutation: You occasionally lose the ability to drink
                  | potions when taking damage. [potion of mutation]
107683 | Zot:5    | Gained mutation: You are robust. (+10% HP) [potion of
                  | mutation]
107684 | Zot:5    | Lost mutation: Your magical capacity is low. (-10% MP)
                  | [potion of mutation]
107684 | Zot:5    | Lost mutation: Your body sometimes deteriorates upon taking
                  | damage. [potion of mutation]
107684 | Zot:5    | Gained mutation: Your flesh is heat resistant. (rF+)
                  | [potion of mutation]
107685 | Zot:5    | Lost mutation: You are partially covered in iridescent
                  | scales. (AC +2) [potion of mutation]
107685 | Zot:5    | Lost mutation: Your flesh is heat resistant. (rF+) [potion
                  | of mutation]
107685 | Zot:5    | Gained mutation: You occasionally shout uncontrollably at
                  | your foes. [potion of mutation]
107685 | Zot:5    | Gained mutation: You are partially covered in iridescent
                  | scales. (AC +2) [potion of mutation]
107685 | Zot:5    | Gained mutation: You are mostly covered in iridescent
                  | scales. (AC +4) [potion of mutation]
107686 | Zot:5    | Lost mutation: You are clumsy. (Dex -2) [potion of
                  | mutation]
107686 | Zot:5    | Lost mutation: You are mostly covered in iridescent scales.
                  | (AC +4) [potion of mutation]
107686 | Zot:5    | Gained mutation: You are covered in fur. (AC +1) [potion of
                  | mutation]
107686 | Zot:5    | Gained mutation: You frequently scream uncontrollably at
                  | your foes. [potion of mutation]
107687 | Zot:5    | Lost mutation: You have sharp toenails. [potion of
                  | mutation]
107687 | Zot:5    | Lost mutation: You occasionally lose the ability to drink
                  | potions when taking damage. [potion of mutation]
107687 | Zot:5    | Lost mutation: You are robust. (+10% HP) [potion of
                  | mutation]
107687 | Zot:5    | Gained mutation: You are covered in thick fur. (AC +2)
                  | [potion of mutation]
107692 | Zot:5    | Got the Orb of Zot
108468 | D:$      | Escaped with the Orb!

Illustrated notes

Levels and vault maps discovered:
D:1:      roderic_crop_circles_arrival_small, layout_loops_ring,
          wander_ebering_terrifying_dragon_lair
D:2:      layout_basic, serial_shops, nicolae_shop_hallway_stairs
D:3:      layout_loops_ring, hangedman_decor_lopped, st_stairs_7
D:4:      layout_rooms, minmay_temple_entry_proselytizer, uniq_duvessa,
          uniq_eustachio
D:5:      layout_basic, grunt_temple_overflow_octagram, water_maze_lemuel
D:6:      nicolae_BIG_FREAKIN_CUBE, layout_loops_ring, uniq_maggie,
          uniq_sigmund, uniq_blork_the_orc
D:7:      layout_loops_ring, serial_shops, nicolae_shop_advertising_works
          [nicolae_subvault_shop_adworks], minmay_misc_feat_cross,
          uniq_crazy_yiuf_cottage
D:8:      layout_cave_pools
D:9:      nzn_winding_woodlands_small [nzn_winding_woodlands_5x15_crooked,
          nzn_winding_woodlands_center_pierced_h,
          nzn_winding_woodlands_5x15_sawtooth], layout_small_grid, uniq_harold,
          uniq_erica
D:10:     layout_cave_pools, david_orc_5, uniq_fannar
D:11:     layout_cave_pods, gauntlet_entry_generic
D:12:     layout_irregular_city, nicolae_stop_n_shop_1, uniq_frances,
          uniq_rupert
D:13:     layout_roguey, hangedman_vaults_entry_quadrant_bands,
          nicolae_elevator_lobby_plus
D:14:     layout_rooms, okawaru_gym_becter, serial_shops, shop
D:15:     hangedman_depths_entry_civil_slaughter, layout_long_grid,
          ashenzari_conservatory_becter, nicolae_elyvilon_peaceful_grove,
          uniq_josephine, uniq_louise
Temple:   regret_index_temple_waves
Lair:1:   minmay_lair_venomous_thicket, layout_loops_ring, lemuel_old_faithful
Lair:2:   layout_hall_layers
Lair:3:   layout_regular_city, spider_nest_entry_funnel_web,
          nicolae_lair_liquid_snakes, infiniplex_staircase_pool,
          serial_bayou_shore_b, lemuel_fruit_fields
Lair:4:   layout_cave_pods, elwin_shoals_entry_stream,
          portal_ice_cave_demonic_guard, pf_torpor_hydra, uniq_nergalle
Lair:5:   layout_roguey, dpeg_slime_entry_enclosed, minmay_stone_trees_large,
          beast_lair_carwin_7, lemuel_fruit_fields
Lair:6:   hangedman_lair_tendril_chambers, layout_regular_city, st_stairs_13,
          uniq_urug
Shoals:1: layout_shoals
Shoals:2: layout_shoals, hellmonk_ghost_happy_afterlife
Shoals:3: cheibrodos_shoals_satyrical_garden, layout_shoals
Shoals:4: shoals_end_hellmonk_storm_palace [storm_palace_center_square,
          storm_palace_corner_pillars, storm_palace_corner_blocked,
          storm_palace_corner_altar, storm_palace_corner_grid]
Spider:1: nicolae_spider_hilbert_zone_5 [nicolae_spider_hilbert_3_sides_1_open,
          nicolae_spider_hilbert_4_sides_1_open,
          nicolae_spider_hilbert_4_sides_1_open,
          nicolae_spider_hilbert_6_sides_1_open,
          nicolae_spider_hilbert_6_sides_1_open], nicolae_spider_circle_web
Spider:2: layout_spider_delve, nicolae_spider_nooks_and_crannies
Spider:3: layout_spider_delve, uniq_arachne
Spider:4: johnstein_spider_rune_arachne_lair, uniq_mlioglotl, uniq_roxanne,
          uniq_kirke
Orc:1:    layout_caves
Orc:2:    st_orc_mages, layout_diamond_mine
Elf:1:    layout_loops_corners, serial_shops,
          nicolae_shop_competitors_out_of_business, shop, shop,
          nicolae_square_shop, portal_desolation_entry_salt,
          minmay_elf_demonology, serial_nicolae_subway,
          nicolae_sub_station_stone, nicolae_sub_station_metal,
          nicolae_sub_station_crystal
Elf:2:    nicolae_elf_blades_splatter_lattice [infiniplex_blade_entry_pillars],
          layout_loops_corners, serial_shops, shop
Elf:3:    minmay_elf_hall, layout_loops_cross, st_stairs_6
Vaults:1: vaults_room_semicircle, v_misc_25, nicolae_vaults_hallways_thing,
          hangedman_vaults_slither, v_alt_pattern_5, v_alt_pattern_4, v_misc_13,
          v_misc_23, v_misc_5, vaults_mumra_hex,
          nicolae_vaults_yaktaur_gun_rack, nicolae_vaults_specimen_jars,
          vaults_room_hangedman_quadrants, layout_vaults_omnibox, uniq_aizul,
          uniq_donald, uniq_nikola
Vaults:2: ploomutoo_gammafunk_ghost_potion_laboratory, vaults_room_ringed_pool,
          dpeg_vaults_monster_row, vaults_room_semicircle,
          minmay_crypt_entry_necro_gods, ontoclasm_vaults_eye, v_misc_15,
          nicolae_vaults_bisected_slash, hangedman_vaults_slice,
          vaults_dpeg_hooks, ontoclasm_vaults_shuriken, layout_vaults_omnigrid,
          serial_shops, shop
Vaults:3: gammafunk_ghost_tricky_traps, nicolae_vaults_asterisk,
          vaults_dpeg_encased_lava, v_misc_11, nicolae_vaults_ring_of_whatevers,
          grunt_vaults_trifunnel, vaults_dpeg_cross, vaults_room_hallway,
          nicolae_vaults_what_the_h, v_pattern_3,
          nicolae_vaults_stairing_the_circle, v_misc_24, vaults_room_semicircle,
          layout_vaults_maze_bifur, serial_shops, nicolae_shop_stone
Vaults:4: nicolae_vaults_fighting_squares, v_misc_9,
          nicolae_vaults_little_squares_2, vaults_room_door_ring,
          hangedman_vaults_corner_blocks, v_misc_18, v_misc_17,
          vaults_room_fours, nicolae_vaults_little_squares_5,
          nicolae_vaults_alarming, v_alt_pattern_1, vaults_dpeg_diagonal,
          layout_vaults_chaotic_city, uniq_boris
Vaults:5
Depths:1: layout_roguey, grunt_pan_entry_in_and_out,
          nicolae_hepliaklqana_ecumenical_no_more, hangedman_tar_grid_catacomb,
          kennysheep_boxes
Depths:2: grunt_profane_halls [grunt_profane_temple_geh,
          grunt_profane_temple_dis, grunt_profane_temple_tar,
          grunt_profane_temple_coc, grunt_profane_loot], pan_entry, abyss_entry,
          hell_entry
Depths:3: minmay_open_boxes_in_corner, layout_cave_shapes, hellmouth_3,
          abyss_entry, minmay_staircase_windowed_large, uniq_saint_roka
Depths:4: evilmike_zot_entry_basic, layout_long_grid, hell_entry,
          hangedman_abyss_entry_splay, serial_sigils,
          serial_sigils_hangedman_gnaw, serial_sigils_hangedman_confine,
          serial_sigils_hangedman_snap, serial_sigils_hangedman_shear,
          serial_sigils_hangedman_writhe, serial_bayou_shore_b, uniq_sojobo
Zot:1:    layout_misc_corridors
Zot:2:    layout_gridville, zot_minivault_3
Zot:3:    kennysheep_spiral_hall, layout_misc_corridors
Zot:4:    lemuel_halls_of_wrath, layout_basic, grunt_ministairs_5
Zot:5:    layout_misc_corridors

Skill      XL: |  1  2  3  4  5  6  7  8  9 10 11 12 13 14 15 16 17 18 19 20 21 22 23 24 25 26 27 |
---------------+----------------------------------------------------------------------------------+-----
Unarmed Combat | 3 4 5 7 8 9 10 12 13 15 16 17 18 19 20 21 22 23 24 25 27 | 27.0
Transmutations | 2 3 4 5 6 7 9 11 12 13 14 15 16 | 16.0
Fighting       | 2 3 4 5 7 8 9 10 12 13 14 16 18 20 22 23 24 | 24.6
Spellcasting   | 3 4 6 7 9 10 11 12 14 15 16 17 18 | 18.0
Poison Magic   | 1 2 3 6 8 |  8.0
Ice Magic      | 4 |  4.0
Dodging        | 2 4 6 8 10 12 13 14 15 | 15.0
Summonings     | 3 |  3.0
Earth Magic    | 3 4 5 |  5.0
Conjurations   | 1 4 |  4.0
Evocations     | 3 6 8 |  8.0
Air Magic      | 1 6 10 11 | 11.0
Translocations | 11 12 | 12.5

Action                   |  1- 3 |  4- 6 |  7- 9 | 10-12 | 13-15 | 16-18 | 19-21 | 22-24 | 25-27 || total
-------------------------+-------+-------+-------+-------+-------+-------+-------+-------+-------++-------
Melee: Unarmed           |    83 |   159 |   201 |   462 |   746 |   751 |   826 |   960 |   811 ||  4999
       Headbutt          |    19 |    12 |       |       |       |     4 |       |       |       ||    35
       Kick              |    22 |    27 |       |       |       |     6 |     6 |     1 |    10 ||    72
       Punch             |     2 |     2 |       |       |    35 |    87 |   103 |   149 |   166 ||   544
       Tailslap          |       |       |       |     2 |    83 |   127 |   137 |    17 |     7 ||   373
       Bite              |       |       |       |     1 |    60 |   101 |    92 |    10 |     3 ||   267
       Quarterstaff      |       |       |       |       |       |       |     9 |     5 |    20 ||    34
Throw: Boomerang         |       |    26 |       |     9 |       |       |       |       |       ||    35
       Dart              |       |       |       |     1 |       |       |       |       |       ||     1
       Javelin           |       |       |       |       |       |     5 |       |       |       ||     5
 Cast: Beastly Appendage |    28 |    20 |       |       |       |     1 |       |       |       ||    49
       Spider Form       |       |     9 |    11 |     1 |       |       |       |       |       ||    21
       Ice Form          |       |       |    20 |    76 |    14 |     1 |       |       |     1 ||   112
       Frozen Ramparts   |       |       |     7 |    54 |    38 |    19 |    20 |     4 |     8 ||   150
       Summon Ice Beast  |       |       |       |    13 |     1 |    10 |     2 |     5 |     4 ||    35
       Dragon Form       |       |       |       |     3 |    79 |   102 |   108 |     7 |    10 ||   309
       Irradiate         |       |       |       |       |       |     5 |       |     2 |     4 ||    11
       Poisonous Vapours |       |       |       |       |       |       |    54 |    13 |     5 ||    72
       Eringya's Noxious |       |       |       |       |       |       |    14 |     5 |       ||    19
       Storm Form        |       |       |       |       |       |       |     9 |   131 |   134 ||   274
       Manifold Assault  |       |       |       |       |       |       |       |       |    35 ||    35
       Lightning Bolt    |       |       |       |       |       |       |       |       |    12 ||    12
Invok: Call Merchant     |       |       |       |       |       |     2 |     2 |     3 |       ||     7
       Potion Petition   |       |       |       |       |       |     2 |     1 |     4 |     2 ||     9
       Bribe Branch      |       |       |       |       |       |       |       |     1 |     3 ||     4
 Abil: Breathe Fire      |       |       |       |       |       |       |     7 |       |       ||     7
       Blinkbolt         |       |       |       |       |       |       |       |    32 |     6 ||    38
Evoke: Wand              |       |       |       |     9 |       |     5 |       |     1 |     2 ||    17
       Condenser vane    |       |       |       |       |       |       |       |     2 |       ||     2
  Use: Scroll            |     3 |     2 |     8 |    11 |     8 |     8 |     5 |     7 |     6 ||    58
       Potion            |       |       |     1 |       |       |     2 |       |     6 |    14 ||    23
 Stab: Distracted        |       |       |     1 |     3 |     3 |     5 |     7 |    11 |    12 ||    42
       Invisible         |       |       |       |       |       |       |       |       |     1 ||     1
Armor: Robe              |    40 |    35 |     1 |     3 |     3 |    13 |       |     2 |    16 ||   113
       Skin              |       |     3 |    26 |   114 |   299 |   432 |   220 |   234 |   151 ||  1479
Dodge: Dodged            |    43 |    79 |   125 |   185 |   274 |   311 |   253 |   482 |   453 ||  2205
       Repelled          |       |       |       |       |       |       |     1 |     1 |       ||     2
Block: Other             |       |    33 |    37 |    74 |   127 |   170 |   138 |   131 |    93 ||   803
       Reflection        |       |     4 |       |     4 |     6 |     4 |    38 |    20 |     3 ||    79

Table legend: (Time is in decaauts)
 A = Elapsed time spent in this place.
 B = Non-inter-level travel time spent in this place.
 C = Inter-level travel time spent in this place.
 D = Time resting spent in this place.
 E = Time spent auto-exploring this place.
 F = Levels seen in this place.
 G = Mean time per level.
                   A        B        C        D        E       F      G
               +--------+--------+--------+--------+--------+-----+--------+
         Total | 107277 | 102255 |   5022 |  27544 |  52505 |  56 | 1915.7 |
       Dungeon |  23509 |  21571 |   1938 |   3822 |  13893 |  15 | 1567.3 |
        Temple |    147 |     99 |     48 |      0 |     84 |   1 |  147.0 |
          Lair |  11051 |  10368 |    683 |   1484 |   7492 |   6 | 1841.8 |
        Shoals |   8147 |   7911 |    236 |   2122 |   4093 |   4 | 2036.8 |
   Spider Nest |  14523 |  13987 |    536 |   7111 |   4301 |   4 | 3630.8 |
  Orcish Mines |   2311 |   2093 |    218 |     75 |   1342 |   2 | 1155.5 |
   Elven Halls |   7274 |   7078 |    196 |   2396 |   3563 |   3 | 2424.7 |
        Vaults |  14967 |  14428 |    539 |   2485 |   8749 |   5 | 2993.4 |
        Depths |  10367 |   9972 |    395 |   3042 |   5008 |   4 | 2591.8 |
           Zot |  10208 |   9977 |    231 |   3792 |   1887 |   5 | 2041.6 |
         Abyss |    618 |    618 |      0 |     76 |      0 |   4 |  154.5 |
      Ice Cave |   1626 |   1626 |      0 |    637 |    669 |   1 | 1626.0 |
    Desolation |   1896 |   1896 |      0 |    500 |   1064 |   1 | 1896.0 |
      Gauntlet |    627 |    627 |      0 |      0 |    358 |   1 |  627.0 |
               +--------+--------+--------+--------+--------+-----+--------+

Top non-repeatable levels by time:
Spider:2: 6053 daAuts
Vaults:5: 4260 daAuts
Depths:2: 3923 daAuts
Spider:4: 3357 daAuts
   Elf:2: 3284 daAuts
Spider:3: 3195 daAuts
Vaults:3: 3145 daAuts
   Zot:2: 2877 daAuts
Shoals:4: 2853 daAuts
Depths:4: 2775 daAuts
Vaults:4: 2746 daAuts
Vaults:1: 2582 daAuts
   Zot:4: 2577 daAuts
  Lair:6: 2564 daAuts
     D:9: 2430 daAuts
